 Dungeon Crawl Stone Soup version 0.19.0 (webtiles) character file.

282 Korbac the Slasher (level 6, -1/37 HPs)
             Began as a Tengu Skald on Nov 1, 2016.
             Slain by Pikel
             ... wielding a +1 whip of flaming
              (7 damage)
             ... on level 4 of the Dungeon on Nov 2, 2016.
             The game lasted 00:15:31 (3757 turns).

Korbac the Slasher (Tengu Skald)                    Turns: 3757, Time: 00:15:32

Health: -1/37      AC:  3    Str: 14    XL:     6   Next: 28%
Magic:  7/10       EV: 11    Int: 12    God:
Gold:   219        SH:  0    Dex: 14    Spells: 4 memorised, 4 levels left

rFire  . . .     SeeInvis .     a - +2 falchion
rCold  . . .     Gourm    .     b - +0 leather armour
rNeg   . . .     Faith    .     (no shield)
rPois  .         Spirit   .     (helmet restricted)
rElec  .         Reflect  .     (no cloak)
rCorr  .         Harm     .     (no gloves)
MR     .....                    (boots unavailable)
Stlth  +.........               (no amulet)
                                (no ring)
                                (no ring)

@: infused
A: beak, talons 3, able to fly 1
a: Fly


You were on level 4 of the Dungeon.
You were very full.

You visited 1 branch of the dungeon, and saw 4 of its levels.

You collected 219 gold pieces.

Inventory:

Hand Weapons
 a - a +2 falchion (weapon)
 k - a +3 dagger
 t - a cursed +0 whip
Armour
 b - a +0 leather armour (worn)
 e - a +0 plate armour
 g - a cursed +0 leather armour
Jewellery
 d - an uncursed amulet of magic regeneration {unknown}
 f - an uncursed amulet of the gourmand {unknown}
 n - an uncursed amulet of harm {unknown}
Scrolls
 i - 2 scrolls of enchant weapon
 m - a scroll of remove curse
 o - 3 scrolls of identify
 s - a scroll of recharging {unknown}
Potions
 h - a potion of haste {unknown}
 q - a potion of cure mutation
 r - a potion of experience {unknown}
 u - a potion of might {unknown}
Books
 c - a book of Battle

   Spells                             Type                      Level
   a - Infusion                       Charms                       1
   b - Shroud of Golubria             Charms/Translocation         2
   c - Song of Slaying                Charms                       2
   d - Spectral Weapon                Hexes/Charms                 3
   e - Regeneration                   Charms/Necromancy            3
 l - a book of Cantrips

   Spells                             Type                      Level
   a - Confusing Touch                Hexes                        1
   b - Animate Skeleton               Necromancy                   1
   c - Summon Small Mammal            Summoning                    1
   d - Apportation                    Translocation                1
Comestibles
 j - 2 beef jerkies


   Skills:
 * Level 3.5 Fighting
 * Level 5.1 Long Blades
 + Level 1.9 Armour
 + Level 1.3 Dodging
 + Level 2.5 Spellcasting
 + Level 2.8 Charms
 + Level 0.1 Translocations


You had 4 spell levels left.
You knew the following spells:

 Your Spells              Type           Power        Failure   Level  Hunger
a - Infusion              Chrm           #...         12%         1    #......
b - Song of Slaying       Chrm           #.......     17%         2    ###....
c - Shroud of Golubria    Chrm/Tloc      #.........   28%         2    ###....
d - Apportation           Tloc           #.........   34%         1    #......


Dungeon Overview and Level Annotations

Branches:
Dungeon (4/15)
 Temple: D:4-7

Altars:

Annotations:
D:4 Dowan, Duvessa, Pikel


Innate Abilities, Weirdness & Mutations

You have a beak for a mouth.
You have claws for feet.
You can fly.


Message History

The slave shouts!
You claw Pikel, but do no damage. You peck Pikel.
Pikel is lightly wounded.
Pikel hits you with a whip of flaming. Pikel burns you.
You hit Pikel. You claw Pikel.
Pikel is moderately wounded.
Pikel hits you with a whip of flaming. Pikel burns you.
You hit Pikel. Your kick misses Pikel.
Pikel is moderately wounded.
Pikel hits you with a whip of flaming.
* * * LOW HITPOINT WARNING * * *
Pikel burns you.
* * * LOW HITPOINT WARNING * * *
The slave shouts!
Pikel hits you but does no damage.
There is a stone staircase leading up here.
The slave hits you.
* * * LOW HITPOINT WARNING * * *
Pikel hits you with a whip of flaming!
You die...

#.# #e# ..###.#####
#.. ..........# #..
## ...###.##.###...
.. .. #.# .......
.# ...###O#(
....##.#
.....>.##.####..#.#
..###.....p..#.p@.#
# #.###.#..p.K.##.#
#.### #....p....#
#O#<# #.##....###
###.#e# # #......#
#..eeO# #.......#.#
#.#.#.# #####.....#
#.#.### #.....# #
... ##.#..#


You could see Pikel and 3 slaves.

Vanquished Creatures
  Sigmund (D:3)
  Ijyb (D:3)
  2 adders (D:2)
  3 worms
  4 leopard geckos
  6 orcs (D:3)
  2 ball pythons
  6 bats
  5 giant cockroaches
  7 goblins
  5 hobgoblins
  2 jackals (D:3)
  2 quokkas
  A frilled lizard (D:1)
  9 kobolds
  7 rats
63 creatures vanquished.

Notes
Turn   | Place    | Note
-------+----------+-------------------------------------------
     0 | D:1      | Korbac the Tengu Skald began the quest for the Orb.
     0 | D:1      | Reached XP level 1. HP: 12/12 MP: 4/4
   252 | D:1      | Reached XP level 2. HP: 11/17 MP: 4/6
   256 | D:1      | Learned a level 2 spell: Song of Slaying
   781 | D:2      | Reached XP level 3. HP: 3/22 MP: 7/7
   788 | D:2      | HP: 1/22 [poisoned by an adder]
  1145 | D:2      | Reached skill level 3 in Long Blades
  1338 | D:2      | Learned a level 2 spell: Shroud of Golubria
  1649 | D:2      | Learned a level 1 spell: Apportation
  2181 | D:2      | Reached XP level 4. HP: 27/27 MP: 6/8
  2207 | D:3      | Noticed Sigmund
  2217 | D:3      | Killed Sigmund
  2217 | D:3      | Reached skill level 4 in Long Blades
  2217 | D:3      | Gained mutation: You can fly. [Tengu growth]
  2217 | D:3      | Reached XP level 5. HP: 7/32 MP: 9/9
  2612 | D:3      | Reached XP level 6. HP: 37/37 MP: 10/10
  3008 | D:3      | Noticed Ijyb
  3023 | D:3      | Killed Ijyb
  3023 | D:3      | Reached skill level 5 in Long Blades
  3290 | D:4      | Noticed Pikel
  3290 | D:4      | Noticed a slave
  3290 | D:4      | Noticed a slave
  3290 | D:4      | Noticed a slave
  3290 | D:4      | Noticed a slave
  3365 | D:4      | Noticed Duvessa
  3365 | D:4      | Noticed Dowan
  3757 | D:4      | Slain by Pikel

Skill      XL: |  1  2  3  4  5  6 |
---------------+-------------------+-----
Long Blades    | 3 4 5 |  5.1
Fighting       | 3 |  3.5
Armour         | |  1.9
Dodging        | |  1.3
Spellcasting   | |  2.5
Charms         | |  2.8
Translocations | |  0.1

Action                   |  1- 3 |  4- 6 || total
-------------------------+-------+-------++-------
Melee: Falchion          |    79 |    77 ||   156
       Kick              |    20 |    32 ||    52
       Peck              |     4 |    17 ||    21
 Cast: Infusion          |    10 |     5 ||    15
       Song of Slaying   |     1 |     1 ||     2
       Shroud of Golubri |     1 |     1 ||     2
       Apportation       |       |     2 ||     2
  Use: Scroll            |     6 |       ||     6
       Potion            |     3 |       ||     3
 Stab: Distracted        |       |     1 ||     1
  Eat: Bread ration      |     1 |     3 ||     4
Armor: Leather armour    |    16 |    21 ||    37
Dodge: Dodged            |    50 |    41 ||    91
       Rpst.: Falchion   |    12 |    22 ||    34
